 Dungeon Crawl Stone Soup version 0.28-a0-1493-g08698888e4 (webtiles) character file.

Game seed: 9954392764867988965

63 riojii the Sneak (level 3, 0/19 HPs)
             Began as a Vampire Enchanter on Jan 13, 2022.
             Slain by a worm (11 damage)
             ... on level 2 of the Dungeon.
             The game lasted 00:03:48 (1836 turns).

riojii the Sneak (Vampire Enchanter)                Turns: 1836, Time: 00:03:49

Health: 0/19       AC:  2    Str:  7    XL:     3   Next: 89%
Magic:  13/15      EV: 12    Int: 17    God:
Gold:   47         SH:  0    Dex: 16    Spells: 4/6 levels left

rFire   . . .      SeeInvis +   a - +1 dagger
rCold   + + .      Faith    .   (no shield)
rNeg    + + +      Spirit   .   b - +0 robe
rPois   ∞          Reflect  .   (no helmet)
rElec   .          Harm     .   (no cloak)
rCorr   .          Rampage  .   (no gloves)
Will    .....                   (no boots)
Stlth   +++++.....              (no amulet)
HPRegen 0.00/turn               f - ring of magical power
MPRegen 0.14/turn               (no ring)

@: bloodless, inhibited regen
A: bloodless, fangs 3, see invisible, vampiric 2
a: Bat Form, Revivify


You were on level 2 of the Dungeon.
You visited 1 branch of the dungeon, and saw 2 of its levels.

You collected 47 gold pieces.

Inventory:

Hand Weapons
 a - a +1 dagger (weapon)
Armour
 b - a +0 robe (worn)
Jewellery
 f - a ring of magical power (left hand)
Scrolls
 i - a scroll of immolation {unknown}
 j - a scroll of enchant armour {unknown}
 k - a scroll of torment {unknown}
Potions
 c - a potion of invisibility
 d - a potion of flight {unknown}
 e - 2 potions of curing {unknown}
 g - a potion of lignification {unknown}
 h - a potion of magic {unknown}


   Skills:
 - Level 1.1 Short Blades
 - Level 2.1 Dodging
 * Level 6.1 Stealth
 - Level 2.0 Spellcasting
 * Level 5.8 Hexes


You had 4 spell levels left.
You knew the following spells:

 Your Spells              Type           Power      Damage    Failure   Level
a - Ensorcelled Hibernat  Hex/Ice        22%        N/A       9%          2

Your spell library contained the following spells:

 Spells                   Type           Power      Damage    Failure   Level
 Confusing Touch          Hex            21%        N/A       5%          3
 Tukima's Dance           Hex            21%        N/A       5%          3
 Dazzling Flash           Conj/Hex       22%        N/A       17%         3
 Gell's Gravitas          Tloc           1%         N/A       50%         3
 Lesser Beckoning         Tloc           1%         N/A       50%         3
 Ozocubu's Armour         Ice            1%         N/A       50%         3
 Spider Form              Tmut/Pois      1%         N/A       50%         3
 Teleport Other           Tloc           1%         N/A       50%         3
 Anguish                  Hex/Necr       5%         N/A       50%         4
 Metabolic Englaciation   Hex/Ice        5%         N/A       85%         5
 Simulacrum               Ice/Necr       0%         N/A       100%        6


Dungeon Overview and Level Annotations

Branches:
Dungeon (2/15)

Altars:


Innate Abilities, Weirdness & Mutations

You do not regenerate when monsters are visible.
You are frail without blood (-20% HP).
You can heal yourself when you bite living creatures.
You are immune to poison.
You have razor-sharp teeth.
You have supernaturally acute eyesight. (SInv)
You are afflicted with vampirism and can become a bat while bloodless.


Message History

A goblin comes into view. It is wielding a +0 dagger.
The helpless bat fails to defend itself.
You bite the bat, and draw its blood! You impale the bat!!
You kill the bat!
Found an escape hatch in the ceiling.
The goblin shouts!
The goblin hits you with a +0 dagger.
You miss the goblin. The goblin hits you but does no damage.
The goblin resists with significant effort.
The goblin closely misses you.
You barely miss the goblin. The goblin closely misses you.
The goblin looks drowsy...
The helpless goblin fails to defend itself.
You bite the goblin, and draw its blood!
You feel better.
You impale the goblin!!
You kill the goblin!
Items here: ( )) †.
Okay, then.
Found a stone staircase leading down.
A ball python comes into view.
The ball python hisses angrily.
The ball python looks drowsy...
The helpless ball python fails to defend itself.
You bite the ball python, and draw its blood!
You impale the ball python!!
You kill the ball python!
Found a stone staircase leading down.
There is an empty arch of ancient stone here.
An adder comes into view.
A worm comes into view.
Found an inky potion.
An endoplasm and a hobgoblin come into view.
Found a faded altar of an unknown god.
You see here an inky potion.
You completely miss the worm. You hit the worm but do no damage.
The worm bites you!
The worm resists with significant effort.
You barely miss the worm. The worm bites you!
Ouch! That really hurt!
You die...

.........## ###..........
.........####..>........##
......................
........##∩.....∩..♣
......>.##............
#########...S.........
#........♣..∩..∩.....
#.......#............
#.......@............
#.######w∩..♣..∩..8..
#.............
#....J....g. ##_..8..8..
....... ....... ♣..8..∩


You could see a worm, an adder and an endoplasm (asleep).

Vanquished Creatures
  3 adders (D:2)
  2 dart slugs
  2 ball pythons (D:2)
  A bat (D:2)
  4 endoplasms (D:1)
  A goblin (D:2)
  6 hobgoblins
  5 kobolds
  2 frilled lizards (D:1)
  7 rats
33 creatures vanquished.

Notes
Turn   | Place    | Note
-------+----------+-------------------------------------------
     0 | D:1      | riojii the Vampire Enchanter began the quest for the Orb.
     0 | D:1      | Reached XP level 1. HP: 13/13 MP: 3/3
   237 | D:1      | Reached XP level 2. HP: 15/15 MP: 5/5
   299 | D:1      | Reached skill level 5 in Stealth
   554 | D:1      | Reached skill level 5 in Hexes
   697 | D:1      | Learned a level 2 spell: Ensorcelled Hibernation
  1336 | D:2      | Gained mutation: You are afflicted with vampirism and can
                  | become a bat while bloodless. [Vampire growth]
  1336 | D:2      | Reached XP level 3. HP: 19/19 MP: 6/6
  1661 | D:2      | Reached skill level 6 in Stealth
  1828 | D:2      | Found a faded altar of an unknown god.
  1836 | D:2      | Slain by a worm

Illustrated notes

Levels and vault maps discovered:
D:1:      dpeg_arrival_pits, layout_loops_ring
D:2:      layout_rooms, serial_co_window_serial, co_window_corner_a,
          co_window_of_opportunity_a, co_window_corner_a, co_window_paths_a,
          co_window_paths_a, co_window_broadway_c, co_window_unsneaky_path_b,
          co_window_broadway_b, co_window_4corner_a, glass_columns_b,
          glass_columns_a, hellmonk_ecumenical_altar_arch_garden

Skill      XL: |  1  2  3 |
---------------+----------+-----
Stealth        | 5 6 |  6.1
Hexes          | 5 |  5.8
Short Blades   | |  1.1
Dodging        | |  2.1
Spellcasting   | |  2.0

Action                   || total
-------------------------++-------
Melee: Dagger            ||    71
       Bite              ||     4
Throw: Throwing net      ||     1
 Cast: Ensorcelled Hiber ||    16
 Abil: Exsanguinate      ||     1
  Use: Scroll            ||     2
 Stab: Sleeping          ||    28
Armor: Robe              ||     5
Dodge: Dodged            ||    29

Table legend: (Time is in decaauts)
 A = Elapsed time spent in this place.
 B = Non-inter-level travel time spent in this place.
 C = Inter-level travel time spent in this place.
 D = Time resting spent in this place.
 E = Time spent auto-exploring this place.
 F = Levels seen in this place.
 G = Mean time per level.
                   A        B        C        D        E       F      G
               +--------+--------+--------+--------+--------+-----+--------+
         Total |   1831 |   1812 |     19 |    304 |   1154 |   2 |  915.5 |
       Dungeon |   1831 |   1812 |     19 |    304 |   1154 |   2 |  915.5 |
               +--------+--------+--------+--------+--------+-----+--------+

Top non-repeatable levels by time:
     D:1: 1198 daAuts
     D:2: 633 daAuts
